 Dungeon Crawl Stone Soup version 0.17-a0-1976-g482a304 (webtiles) character file.

102 Kangaxx the Magician (level 4, -6/24 HPs)
             Began as a Deep Elf Wizard on Oct 5, 2015.
             Killed by divine providence
             ... invoked by an orc priest
              (13 damage)
             ... on level 3 of the Dungeon.
             The game lasted 00:06:56 (2104 turns).

Kangaxx the Magician (Deep Elf Wizard)              Turns: 2104, Time: 00:06:56

Health: -6/24      AC:  3    Str:  4    XL:     4   Next: 50%
Magic:  2/12       EV: 13    Int: 24    God:
Gold:   135        SH:  0    Dex: 13    Spells: 5 memorised, 1 level left

rFire  . . .     SeeInvis .     v - +2 dagger (venom)
rCold  . . .     Clarity  .     a - +0 robe
rNeg   . . .     SustAt   .     (no shield)
rPois  .         Gourm    .     b - +0 hat
rElec  .         Spirit   .     (no cloak)
rCorr  .         Warding  .     q - +0 pair of gloves
rMut   .         Stasis   .     (no boots)
MR     .....                    (no amulet)
Stlth  ++........               (no ring)
                                (no ring)

@: not resistant to hostile enchantments, unstealthy
A: no striking features
a: no special abilities


You were on level 3 of the Dungeon.
You were not hungry.

You visited 1 branch of the dungeon, and saw 3 of its levels.

You collected 135 gold pieces.

Inventory:

Hand Weapons
 v - a +2 dagger of venom (weapon)
Armour
 a - a +0 robe (worn)
 b - a +0 hat (worn)
 q - a +0 pair of gloves (worn)
Jewellery
 j - an uncursed ring of protection from magic {unknown}
 o - an uncursed ring of stealth {unknown}
 x - a cursed ring of teleportation {unknown}
Scrolls
 f - 2 scrolls of identify {unknown}
 g - 2 scrolls of remove curse {unknown}
 i - 3 scrolls of teleportation {unknown}
 l - 2 scrolls of amnesia {unknown}
 n - a scroll of recharging {unknown}
 p - 2 scrolls of enchant armour {unknown}
 s - 2 scrolls of noise {unknown}
 y - a scroll of immolation {unknown}
Potions
 e - a potion of cancellation {unknown}
 h - 2 potions of resistance {unknown}
 k - a potion of agility {unknown}
 r - a potion of brilliance {unknown}
 z - a potion of mutation {unknown}
 A - a potion of degeneration {unknown}
 C - a potion of curing {unknown}
Books
 c - a book of Minor Magic

   Spells                             Type                      Level
   a - Magic Dart                     Conjuration                  1
   b - Blink                          Translocation                2
   c - Call Imp                       Summoning                    2
   d - Repel Missiles                 Charms/Air                   2
   e - Slow                           Hexes                        2
   f - Conjure Flame                  Conjuration/Fire             3
   g - Mephitic Cloud                 Conjuration/Poison/Air       3
 m - a book of Fire

   Spells                             Type                      Level
   a - Ignite Poison                  Fire/Transmutation/Poison    3
   b - Fireball                       Conjuration/Fire             5
   c - Bolt of Fire                   Conjuration/Fire             6
   d - Delayed Fireball               Conjuration/Fire             7
   e - Ring of Flames                 Charms/Fire                  7
 t - a book of Frost

   Spells                             Type                      Level
   a - Freeze                         Ice                          1
   b - Throw Frost                    Conjuration/Ice              2
   c - Ozocubu's Armour               Charms/Ice                   3
   d - Throw Icicle                   Conjuration/Ice              4
   e - Summon Ice Beast               Ice/Summoning                4
   f - Condensation Shield            Ice                          4
Comestibles
 d - 2 bread rations
 u - a meat ration
 w - a slice of pizza
 D - 3 fruits


   Skills:
 + Level 3.2 Dodging
 + Level 2.9 Stealth
 + Level 4.6 Spellcasting
 * Level 3.2 Conjurations
 + Level 0.8 Charms
   Level 1.1 Summonings
 + Level 1.3 Translocations
 * Level 1.2 Fire Magic
 + Level 0.2 Air Magic
 + Level 0.4 Poison Magic


You had one spell level left.
You knew the following spells:

 Your Spells              Type           Power        Failure   Level  Hunger
a - Magic Dart            Conj           ###.         2%          1    None
b - Blink                 Tloc           N/A          10%         2    None
c - Repel Missiles        Chrm/Air       #.....       12%         2    None
e - Conjure Flame         Conj/Fire      ###.....     14%         3    ##.....
h - Mephitic Cloud        Conj/Pois/Air  ##......     21%         3    ##.....


Dungeon Overview and Level Annotations

Branches:
Dungeon (3/15)

Altars:
Ashenzari
Elyvilon
Qazlal

Annotations:
D:3 twist's ghost, amateur MfAr


Message History

The orc is engulfed in noxious fumes.
The orc appears confused.
The orc priest invokes the aid of Beogh against you.
Something smites you!
Ouch! That really hurt!
* * * LOW HITPOINT WARNING * * *
The orc is engulfed in noxious fumes.
The orc appears confused.
Casting: Mephitic Cloud
Confirm with . or Enter, or press ? or * to list all spells.
Okay, then.
Casting: Mephitic Cloud
Confirm with . or Enter, or press ? or * to list all spells.
Aiming: Magic Dart
Press: ? - help, Shift-Dir - straight line, f/p - orc
Aim: an orc, wielding a mace and wearing a chain mail (moderately wounded, confused)
The magic dart hits the orc.
The orc is severely wounded.
The orc priest invokes the aid of Beogh against you.
Something smites you!
Ouch! That really hurt!
You die...

### ########.#
#.o§.o@..# ####
#.######.# ...# #.#
##.###############.#
W.W................#
##.#################
#.#... ##W#.#####
.......<..


You could see an orc priest and an orc (confused).

Vanquished Creatures
  3 adders (D:3)
  An ooze (D:3)
  3 worms
  2 giant geckos
  6 orcs (D:3)
  A giant cockroach (D:1)
  6 goblins
  8 hobgoblins
  3 jackals (D:3)
  3 kobolds
  A quokka (D:2)
  8 bats
  2 giant newts
  8 rats
55 creatures vanquished.

Notes
Turn   | Place    | Note
--------------------------------------------------------------
     0 | D:1      | Kangaxx the Deep Elf Wizard began the quest for the Orb.
     0 | D:1      | Reached XP level 1. HP: 10/10 MP: 7/7
   222 | D:1      | Reached XP level 2. HP: 13/15 MP: 1/9
   738 | D:2      | Found a faded altar to an unknown god.
   766 | D:2      | Found a white marble altar of Elyvilon.
   810 | D:2      | Reached XP level 3. HP: 19/19 MP: 6/11
   815 | D:2      | Learned a level 2 spell: Blink
   818 | D:2      | Learned a level 2 spell: Repel Missiles
   822 | D:2      | Learned a level 3 spell: Mephitic Cloud
   826 | D:2      | Learned a level 3 spell: Conjure Flame
   925 | D:2      | Found a shattered altar of Ashenzari.
   991 | D:2      | Found a stormy altar of Qazlal.
  1373 | D:3      | Noticed twist's ghost (amateur MfAr)
  1588 | D:3      | Reached XP level 4. HP: 18/24 MP: 3/12
  1761 | D:3      | Reached skill level 1 in Fire Magic
  2104 | D:3      | Killed from afar by an orc priest

Vault maps used:
D:1:      minmay_arrival_widening_spiral_wide
D:2:      nicolae_qazlal_general_emergency, nicolae_overflow_hidden_temple,
          serial_forest, infiniplex_forest_clump_tiny,
          infiniplex_forest_clump_medium, infiniplex_forest_end_2,
          infiniplex_forest_lined_4_way, infiniplex_forest_clump_curved,
          ecumenical_altar_1, first_bread, evilmike_ruin_ashenzari

Action                   |  1- 3 |  4- 6 || total
-------------------------+-------+-------++-------
Melee: Dagger            |       |     1 ||     1
 Cast: Magic Dart        |    83 |    33 ||   116
       Conjure Flame     |     3 |     1 ||     4
       Blink             |       |     2 ||     2
       Mephitic Cloud    |       |     1 ||     1
  Eat: Chunk             |     2 |     2 ||     4
